 Dungeon Crawl Stone Soup version 0.28-a0-751-gef3a642a4e (webtiles) character file.

Game seed: 4589987537478434498

29 quinnr the Gusty (level 3, 0/19 HPs)
             Began as a Tengu Air Elementalist on Oct 29, 2021.
             Slain by an orc wizard (4 damage)
             ... on level 2 of the Dungeon on Oct 30, 2021.
             The game lasted 00:04:46 (906 turns).

quinnr the Gusty (Tengu Air Elementalist)            Turns: 906, Time: 00:04:46

Health: 0/19       AC:  2    Str:  8    XL:     3   Next: 16%
Magic:  6/7        EV: 12    Int: 16    God:
Gold:   31         SH:  0    Dex: 14    Spells: 5/6 levels left

rFire   . . .      SeeInvis .   (no weapon)
rCold   . . .      Faith    .   (no shield)
rNeg    . . .      Spirit   .   a - +0 robe
rPois   .          Reflect  .   (helmet restricted)
rElec   .          Harm     .   (no cloak)
rCorr   .          Rampage  .   (no gloves)
Will    .....                   (boots unavailable)
Stlth   +.........              (no amulet)
HPRegen 0.06/turn               (no ring)
MPRegen 0.10/turn               (no ring)

@: confused, ambrosia-drunk
A: beak, talons 3
a: no special abilities


You were on level 2 of the Dungeon.
You visited 1 branch of the dungeon, and saw 2 of its levels.

You collected 31 gold pieces.

Inventory:

Armour
 a - a +0 robe (worn)
Scrolls
 b - a scroll of blinking {unknown}


   Skills:
 + Level 2.6 Dodging
 + Level 2.4 Stealth
 + Level 2.3 Spellcasting
 + Level 2.1 Conjurations
 + Level 4.3 Air Magic


You had 5 spell levels left.
You knew the following spells:

 Your Spells              Type           Power      Damage    Failure   Level
a - Shock                 Conj/Air       48%        1d6       5%          1

Your spell library contained the following spells:

 Spells                   Type           Power      Damage    Failure   Level
 Static Discharge         Conj/Air       12%        N/A       8%          2
 Swiftness                Air            15%        N/A       10%         3
 Airstrike                Air            7%         N/A       32%         4


Dungeon Overview and Level Annotations

Branches:
Dungeon (1/15)

Altars:
Qazlal


Innate Abilities, Weirdness & Mutations

You have a beak for a mouth.
You have claws for feet.


Message History

The zap hits the orc wizard.
The orc wizard is moderately wounded.
You are too depleted to draw on your mana recklessly!
Unknown command.
The zap hits the orc wizard.
The orc wizard is moderately wounded.
The orc wizard points at you and mumbles some strange words.
The puff of flame hits you!
Ouch! That really hurt!
Unknown command.
An orc wizard is nearby!
An orc wizard is nearby!
The zap hits the orc wizard.
The orc wizard is heavily wounded.
The zap hits the orc wizard.
The orc wizard is severely wounded.
The orc wizard mumbles some strange words.
The orc wizard flickers and vanishes!
Deactivating autopickup; reactivate with Ctrl-A.
You are too depleted to draw on your mana recklessly!
There is a strange disturbance nearby!
Unknown command.
A puff of flame appears from out of thin air!
The puff of flame hits you!
* * * LOW HITPOINT WARNING * * *
Unknown command.
You see here a quokka corpse.
Welcome back, quinnr the Tengu Air Elementalist.
Press ? for a list of commands and other information.
You start resting.
Something hits you.
* * * LOW HITPOINT WARNING * * *
Deactivating autopickup; reactivate with Ctrl-A.
You start resting.
Something hits you.
* * * LOW HITPOINT WARNING * * *
Unknown command.
It was a potion of ambrosia.
You are confused.
You feel invigorated. Something hits you.
You die...

....# #.# #..#####.# #.
....# #.# #........# #.
..#.# ... #.###.####
###.# .#######.# #.# #
.........###.######## #
.######.............#
.#######..#####.####.###
..........# #.####....
######@#.#####....#####
#...###.....###.#
#.##.#.####.# #.#
#.###.## #.# #.# #.# #{#
#.# #.# #.###.# #.# #.#
#.....# #.# #.# #.#####
#.# #.# #.# #.# #.#


There were no monsters in sight!

Vanquished Creatures
  2 dart slugs (D:1)
  4 orcs (D:2)
  3 ball pythons (D:1)
  A goblin (D:1)
  2 hobgoblins
  2 jackals (D:1)
  3 kobolds (D:2)
  A quokka (D:2)
  2 frilled lizards (D:2)
20 creatures vanquished.

Notes
Turn   | Place    | Note
-------+----------+-------------------------------------------
     0 | D:1      | quinnr the Tengu Air Elementalist began the quest for the
                  | Orb.
     0 | D:1      | Reached XP level 1. HP: 10/10 MP: 4/4
    72 | D:1      | Reached XP level 2. HP: 15/15 MP: 0/6
   322 | D:1      | You fall into a shaft and drop 1 floor!
   690 | D:2      | Found a stormy altar of Qazlal.
   732 | D:2      | Reached XP level 3. HP: 19/19 MP: 4/7
   902 | D:2      | Upgraded the game from 0.28-a0-750-g7c675f85b1 to
                  | 0.28-a0-751-gef3a642a4e
   905 | D:2      | HP: 1/19 [something (1)]
   906 | D:2      | Slain by an orc wizard

Illustrated notes

Levels and vault maps discovered:
D:1:      shiori_arrival_maze, layout_loops_ring
D:2:      layout_loops_ring, basic_altar

Skill      XL: |  1  2 |
---------------+-------+-----
Conjurations   | 2 |  2.1
Dodging        | |  2.6
Stealth        | |  2.4
Spellcasting   | |  2.3
Air Magic      | |  4.3

Action                   || total
-------------------------++-------
Melee: Unarmed           ||     5
       Kick              ||     2
 Cast: Shock             ||    47
  Use: Potion            ||     1
Dodge: Dodged            ||    10

Table legend: (Time is in decaauts)
 A = Elapsed time spent in this place.
 B = Non-inter-level travel time spent in this place.
 C = Inter-level travel time spent in this place.
 D = Time resting spent in this place.
 E = Time spent auto-exploring this place.
 F = Levels seen in this place.
 G = Mean time per level.
                   A        B        C        D        E       F      G
               +--------+--------+--------+--------+--------+-----+--------+
         Total |    905 |    905 |      0 |     20 |    747 |   2 |  452.5 |
       Dungeon |    905 |    905 |      0 |     20 |    747 |   2 |  452.5 |
               +--------+--------+--------+--------+--------+-----+--------+

Top non-repeatable levels by time:
     D:2: 583 daAuts
     D:1: 322 daAuts
